 Dungeon Sprint DCSS version 0.31-a0-276-ge00219d475 (webtiles) character file.

Game seed: 1680193359327422699

5055 Conn the Scorcher (level 10, -10/57 HPs)
             Began as an Octopode Fire Elementalist on July 15, 2023.
             Was a High Priest of Sif Muna.
             Killed from afar by a deep elf annihilator (17 damage)
             ... with a bolt of lightning
             ... in the Dungeon (Sprint III: "The Ten Rune Challenge").
             The game lasted 00:13:01 (1804 turns).

Conn the Scorcher (Octopode Fire Elementalist)      Turns: 1804, Time: 00:13:02

Health: -10/57     AC:  1    Str:  8    XL:     10   Next: 56%
Magic:  4/27       EV: 14    Int: 21    God:    Sif Muna [*****.]
Gold:   1760       SH:  0    Dex: 13    Spells: 14/35 levels left

rFire   . . .        l - +1 long sword (holy)
rCold   . . .        (no shield)
rNeg    . . .        (helmet restricted)
rPois   .            (no amulet)
rElec   +            (no ring)
rCorr   .            (no ring)
SInv    .            (no ring)
Will    .....        (no ring)
Stlth   ++++         (no ring)
HPRegen 0.29/turn    (no ring)
MPRegen 0.20/turn    (no ring)
                     (no ring)

%: no teleportation
@: no status effects
A: almost no armour, amphibious, 8 rings, camouflage 1, gelatinous body 1,
(nimble swimmer 1), tentacles, electricity resistance
a: Renounce Religion, Channel Magic, Forget Spell, Divine Exegesis


You were in the Dungeon.
You worshipped Sif Muna.
Sif Muna was extremely pleased with you.
You visited 1 branch You collected 2260 gold pieces.
You spent 500 gold pieces at shops.

Inventory:

Hand Weapons
 l - a +1 long sword of holy wrath (weapon)
Scrolls
 f - a scroll of blinking
 h - a scroll of fog
 j - a scroll of amnesia
Potions
 a - 3 potions of magic
 b - 4 potions of curing
 d - a potion of haste
 e - a potion of berserk rage
 i - 4 potions of enlightenment
 k - 5 potions of mutation


   Skills:
 + Level 0.4 Fighting
 + Level 4.5 Dodging
 - Level 6.1 Stealth
 + Level 13.4 Spellcasting
 + Level 6.3 Conjurations
 + Level 4.0 Hexes
 + Level 0.3 Summonings
 + Level 15.6 Fire Magic
 * Level 8.2 Ice Magic
 * Level 2.6 Invocations


You had 14 spell levels left.
You knew the following spells:

 Your Spells              Type           Power      Damage    Failure   Level
a - Foxfire               Conj/Fire      100%       2x1d9     1%          1
b - Scorch                Fire           100%       2d9       0%          2
c - Inner Flame           Hex/Fire       53%        N/A       1%          3
d - Flame Wave            Conj/Fire      57%        2d14      1%          4
e - Ozocubu's Armour      Ice            48%        N/A       1%          3
f - Metabolic Englaciati  Hex/Ice        19%        N/A       11%         5
g - Summon Guardian Gole  Hex/Summ       23%        N/A       5%          3

Your spell library contained the following spells:

 Spells                   Type           Power      Damage    Failure   Level
 Momentum Strike          Conj/Tloc      54%        3d9       1%          2
 Volatile Blastmotes      Fire/Tloc      94%        2d17      1%          3
 Fireball                 Conj/Fire      28%        3d12      1%          5
 Necrotise                Necr           56%        1d6       4%          1
 Summon Ice Beast         Ice/Summ       32%        N/A       8%          4
 Iskenderun's Battlesphe  Conj           40%        2d9       10%         5
 Vampiric Draining        Necr           14%        2d7       14%         3
 Agony                    Necr           14%        N/A       77%         5
 Simulacrum               Ice/Necr       15%        N/A       78%         6
 Orb of Destruction       Conj           20%        9d8       96%         7
 Haunt                    Necr/Summ      7%         N/A       100%        7
 Spellforged Servitor     Conj/Summ      14%        N/A       100%        7


Dungeon Overview and Level Annotations

Branches:
Dungeon (1/1)

Altars:
Cheibriados
Dithmenos
Elyvilon
Fedhas
Gozag
Hepliaklqana
Kikubaaqudgha
Makhleb
Nemelex Xobeh
Okawaru
Qazlal
Ru
Sif Muna
Trog
Uskayaw
Vehumet
Wu Jian
Xom
Yredelemnul
Zin
The Shining One
Jiyva
Lugonu

Shops:
D *


Innate Abilities, Weirdness & Mutations

You cannot wear most types of armour.
You are amphibious.
You can wear up to eight rings at the same time.
Your skin changes colour to match your surroundings (Stealth+).
Your rubbery body absorbs attacks. (AC +1, EV +1)
((You are camouflaged when in or above water. (Stealth+)))
You have tentacles for arms and can constrict up to eight enemies at once.
You are resistant to electric shocks. (rElec)


Message History

The deep elf high priest convulses!
Flame seeps out of the deep elf high priest.
The deep elf high priest is no longer moving slowly.
Unknown command.
Unknown command.
Unknown command.
Unknown command.
Unknown command.
The deep elf annihilator casts a spell.
The deep elf annihilator blinks!
There is an open door, spattered with blood here.
You see here a +0 robe.
Casting: Metabolic Englaciation (quite dangerous; 11% risk of failure)
Confirm with . or Enter, or press ? or * to list all spells.
A guardian golem appears, shielding your allies.
Casting: Summon Guardian Golem (dangerous; 5% risk of failure)
Confirm with . or Enter, or press ? or * to list all spells.
Okay, then.
You feel much better.
Casting: Summon Guardian Golem (dangerous; 5% risk of failure)
Confirm with . or Enter, or press ? or * to list all spells.
Flames lash the deep elf annihilator.
The deep elf annihilator resists.
The deep elf annihilator is heavily wounded.
The deep elf annihilator's fire resistance burns away.
The deep elf annihilator casts a spell at you.
The bolt of lightning hits you! You resist. The bolt of lightning hits you!!
You resist.
Casting: Scorch (safe; 0% risk of failure)
Confirm with . or Enter, or press ? or * to list all spells.
Casting: Flame Wave (dangerous; 1% risk of failure)
Press: ? - help, Dir - look around, f - activate A wave of flame ripples out!
The flame wave engulfs the deep elf annihilator!!
The deep elf annihilator is almost dead. (Press . to intensify the flame waves.)
The deep elf annihilator gestures at you while chanting.
The bolt of lightning hits you! You resist.
* * * LOW HITPOINT WARNING * * *
The bolt of lightning hits you! You resist.
You die...

▓▓▓ ##### ##.# ##########
## _#__####∩.###..).#...#
...
.#._#.........##)#...##≈≈§≈
##)##....).)..##@#...≈≈≈§e.
....#........###e#...##≈
).).#)#.#.#..# #9'...#
###'#)###..#..########
#.))#'#########
#.))#....#.# #..)##.#..#
#...'##.#.# +...#...#..#


You could see a deep elf annihilator (empowered, combustible, ally target) and a
friendly guardian golem (summoned).

Vanquished Creatures
  6 deep elf pyromancers (D)
  2 orc sorcerers (D)
  A shadow (D)
  5 orc warriors (D)
  2 two-headed ogres (D)
  A necrophage (D)
  A water elemental (D)
  A jelly (D)
  An orc priest (D)
  2 orc wizards (D)
  A necromancer (D)
  A wizard (D)
  3 humans (D)
  A kobold demonologist (D)
  A phantom (D)
  5 orcs (D)
  An endoplasm (D)
  3 rats (D)
38 creatures vanquished.

Vanquished Creatures (others)
  A deep elf pyromancer (D)
  93 foxfires (D)
94 creatures vanquished.

Grand Total: 132 creatures vanquished

Notes
Turn   | Place    | Note
-------+----------+-------------------------------------------
     0 | D        | Conn the Octopode Fire Elementalist began the quest for the
                  | Orb.
     0 | D        | Reached XP level 1. HP: 11/11 MP: 3/3
   102 | D        | Reached skill level 4 in Fire Magic
   102 | D        | Reached XP level 2. HP: 17/17 MP: 0/5
   147 | D        | Reached skill level 5 in Fire Magic
   147 | D        | Reached XP level 3. HP: 21/21 MP: 0/7
   168 | D        | Gained mutation: You are resistant to electric shocks.
                  | (rElec) [potion of mutation]
   218 | D        | Learned a level 2 spell: Scorch
   222 | D        | Learned a level 3 spell: Inner Flame
   239 | D        | Noticed a water elemental
   244 | D        | Killed a water elemental
   245 | D        | Reached skill level 6 in Fire Magic
   245 | D        | Reached XP level 4. HP: 27/27 MP: 2/10
   257 | D        | Noticed a human
   282 | D        | Killed a human
   283 | D        | Reached skill level 5 in Stealth
   283 | D        | Reached skill level 9 in Fire Magic
   283 | D        | Reached XP level 5. HP: 31/31 MP: 1/13
   379 | D        | Noticed a human
   385 | D        | Killed a human
   386 | D        | Reached skill level 10 in Fire Magic
   386 | D        | Reached XP level 6. HP: 36/36 MP: 10/16
   426 | D        | Found a glowing silver altar of Zin.
   426 | D        | Found an ornate altar of the Wu Jian Council.
   427 | D        | Found a hide-covered altar of Uskayaw.
   427 | D        | Found a bloodstained altar of Trog.
   430 | D        | Found a radiant altar of Vehumet.
   430 | D        | Found a shimmering blue altar of Sif Muna.
   430 | D        | Found an ancient bone altar of Kikubaaqudgha.
   486 | D        | Noticed a deep elf pyromancer
   490 | D        | Killed a deep elf pyromancer
   491 | D        | Reached skill level 1 in Hexes
   491 | D        | Reached skill level 12 in Fire Magic
   491 | D        | Reached XP level 7. HP: 32/42 MP: 8/19
   571 | D        | Became a worshipper of Sif Muna the Loreminder
   580 | D        | Learned a level 4 spell: Flame Wave
   584 | D        | Learned a level 3 spell: Ozocubu's Armour
   590 | D        | Learned a level 5 spell: Metabolic Englaciation
   591 | D        | Found a glowing golden altar of the Shining One.
   591 | D        | Found an iron altar of Okawaru.
   593 | D        | Found a white marble altar of Elyvilon.
   609 | D        | Found a basalt altar of Yredelemnul.
   609 | D        | Found a shadowy altar of Dithmenos.
   609 | D        | Found a sacrificial altar of Ru.
   613 | D        | Reached skill level 1 in Ice Magic
   613 | D        | Reached XP level 8. HP: 47/47 MP: 15/21
   648 | D        | Noticed a shadow
   659 | D        | Reached * piety under Sif Muna
   743 | D        | Killed a shadow
   789 | D        | Found a blossoming altar of Fedhas.
   789 | D        | Found a stormy altar of Qazlal.
   790 | D        | Found a snail-covered altar of Cheibriados.
   790 | D        | Found a burning altar of Makhleb.
   790 | D        | Found a hazy altar of Hepliaklqana.
   790 | D        | Found a shimmering altar of Xom.
   790 | D        | Found an opulent altar of Gozag.
   790 | D        | Found a sparkling altar of Nemelex Xobeh.
   790 | D        | Found a corrupted altar of Lugonu.
   790 | D        | Found a viscous altar of Jiyva.
   857 | D        | Reached ** piety under Sif Muna
   858 | D        | Reached skill level 5 in Conjurations
   933 | D        | Noticed an orc sorcerer
   934 | D        | Noticed an orc sorcerer
   937 | D        | Killed an orc sorcerer
   938 | D        | Reached skill level 10 in Spellcasting
   938 | D        | Reached skill level 13 in Fire Magic
   938 | D        | Killed an orc sorcerer
   939 | D        | Reached skill level 5 in Ice Magic
   939 | D        | Reached XP level 9. HP: 5/52 MP: 12/23
  1165 | D        | Reached *** piety under Sif Muna
  1167 | D        | Reached skill level 14 in Fire Magic
  1307 | D        | Reached **** piety under Sif Muna
  1517 | D        | Found Jomuc's General Store.
  1531 | D        | Bought a book of Dangerous Friends for 400 gold pieces
  1531 | D        | Bought 2 potions of curing for 60 gold pieces
  1531 | D        | Bought a scroll of identify for 20 gold pieces
  1531 | D        | Bought a scroll of identify for 20 gold pieces
  1545 | D        | Noticed a deep elf pyromancer
  1545 | D        | Noticed a deep elf pyromancer
  1545 | D        | Noticed a deep elf pyromancer
  1545 | D        | Noticed a deep elf pyromancer
  1545 | D        | Noticed a deep elf pyromancer
  1581 | D        | Learned a level 3 spell: Summon Guardian Golem
  1585 | D        | Killed a deep elf pyromancer
  1585 | D        | Reached ***** piety under Sif Muna
  1585 | D        | Received a gift from Sif Muna
  1588 | D        | Killed a deep elf pyromancer
  1589 | D        | Reached XP level 10. HP: 57/57 MP: 10/26
  1590 | D        | Killed a deep elf pyromancer
  1591 | D        | Reached skill level 15 in Fire Magic
  1591 | D        | Got Sif Muna's Tome of Massed Bruises {god gift}
  1603 | D        | Killed a deep elf pyromancer
  1618 | D        | Killed a deep elf pyromancer
  1619 | D        | Reached skill level 1 in Invocations
  1697 | D        | Noticed a deep elf pyromancer
  1698 | D        | Noticed a deep elf annihilator
  1708 | D        | Killed a deep elf pyromancer
  1784 | D        | Noticed a deep elf high priest
  1792 | D        | Identified the amulet of Ofeziv {Will+ Regen+}
  1804 | D        | Killed from afar by a deep elf annihilator

Illustrated notes

Levels and vault maps discovered:
D:        dungeon_sprint_mu [sprint_mu_entry_forest, sprint_mu_temple_rooms,
          sprint_mu_d1_spiders, sprint_mu_d2_genie, sprint_mu_d3_branching,
          sprint_mu_orc_legion, sprint_mu_elf_gauntlet, sprint_mu_hive_nellie,
          sprint_mu_lair_fedhas, sprint_mu_vaults_butterflies,
          sprint_mu_slime_circle, sprint_mu_shoals_archi,
          sprint_mu_snake_twists, sprint_mu_blade_basic,
          sprint_mu_crypt_chambers, sprint_mu_tomb_spiral,
          sprint_mu_vestibule_basic, sprint_mu_gehenna_hellfire,
          sprint_mu_dis_giant, sprint_mu_tartarus_statrot,
          sprint_mu_cocytus_islands, sprint_mu_zot1]

Skill      XL: |  1  2  3  4  5  6  7  8  9 10 |
---------------+-------------------------------+-----
Stealth        | 3 4 5 6 |  6.1
Fire Magic     | 4 5 6 9 10 12 13 14 15 | 15.6
Spellcasting   | 3 4 6 7 9 10 12 13 | 13.4
Dodging        | 3 4 |  4.5
Conjurations   | 2 3 4 5 6 |  6.3
Hexes          | 1 2 3 4 |  4.0
Ice Magic      | 1 5 6 8 |  8.2
Invocations    | 2 |  2.6
Fighting       | |  0.4
Summonings     | |  0.3

Action                     |  1- 3 |  4- 6 |  7- 9 | 10-12 || total
---------------------------+-------+-------+-------+-------++-------
  Melee: Unarmed           |     1 |       |       |       ||     1
   Cast: Foxfire           |    12 |     8 |    29 |     9 ||    58
         Scorch            |     2 |     3 |    24 |     7 ||    36
         Inner Flame       |       |     3 |     6 |     8 ||    17
         Flame Wave        |       |       |     4 |     1 ||     5
         Ozocubu's Armour  |       |       |     2 |       ||     2
         Summon Guardian G |       |       |     1 |     2 ||     3
         Metabolic Englaci |       |       |       |     1 ||     1
 Invoke: Channel Magic     |       |       |       |     1 ||     1
    Use: Potion            |     1 |       |       |     1 ||     2
         Scroll            |       |       |     3 |     1 ||     4
 Armour: Skin              |       |       |     2 |       ||     2
  Dodge: Dodged            |       |     2 |     6 |     3 ||    11

Table legend: (Time is in decaauts)
 A = Elapsed time spent in this place.
 B = Non-inter-level travel time spent in this place.
 C = Inter-level travel time spent in this place.
 D = Time resting spent in this place.
 E = Time spent auto-exploring this place.
 F = Levels seen in this place.
 G = Mean time per level.
                   A        B        C        D        E       F      G
               +--------+--------+--------+--------+--------+-----+--------+
         Total |   1803 |   1803 |      0 |   1056 |      0 |   1 | 1803.0 |
       Dungeon |   1803 |   1803 |      0 |   1056 |      0 |   1 | 1803.0 |
               +--------+--------+--------+--------+--------+-----+--------+

Top non-repeatable levels by time:
       D: 1803 daAuts
